 Dungeon Crawl Stone Soup version 0.26-a0-712-ga5a9c9c9d0 (webtiles) character file.

Game seed: 17908785877486604011

1599 Gargoyl the Skirmisher (level 8, -3/67 HPs)
             Began as a Gnoll Abyssal Knight on Nov 1, 2020.
             Was an Elder of Lugonu.
             Killed by divine providence
             ... invoked by an orc priest
              (14 damage)
             ... on level 6 of the Dungeon.
             The game lasted 00:09:00 (5631 turns).

Gargoyl the Skirmisher (Gnoll Abyssal Knight)       Turns: 5631, Time: 00:09:00

Health: -3/67      AC: 16    Str: 17    XL:     8   Next: 94%
Magic:  13/13      EV: 13    Int: 15    God:    Lugonu [****..]
Gold:   69         SH:  0    Dex: 14    Spells: 14/14 levels left

rFire    x . .     SeeInvis .   q - +0 broad axe
rCold    + . .     Faith    .   (no shield)
rNeg     . . .     Spirit   .   o - +4 ring mail of Zilejuor {rF- rC+ MR++}
rPois    +         Reflect  .   (no helmet)
rElec    .         Harm     .   (no cloak)
rCorr    .         Rampage  .   (no gloves)
MR       ++...                  r - +1 pair of boots
Stlth    ++........             (no amulet)
HPRegen  0.21/turn              l - ring of poison resistance
MPRegen  0.13/turn              p - +4 ring of protection

@: no status effects
A: distributed training, fangs 1, strong nose
a: Depart the Abyss, Bend Space, Banish, Corrupt, Renounce Religion


You were on level 6 of the Dungeon.
You worshipped Lugonu.
Lugonu was greatly pleased with you.
You visited 1 branch of the dungeon, and saw 6 of its levels.
You visited the Abyss 1 time.
You also visited: Sewer.

You collected 185 gold pieces.
You spent 116 gold pieces at shops.

Inventory:

Hand Weapons
 a - a +1 hand axe
 q - a +0 broad axe (weapon)
Armour
 c - a +0 chain mail
 o - the +4 ring mail of Zilejuor (worn) {rF- rC+ MR++}
   (You found it on level 5 of the Dungeon)

   It makes you vulnerable to fire.
   It protects you from cold.
   It affects your resistance to hostile enchantments.
 r - a +1 pair of boots (worn)
Jewellery
 l - a ring of poison resistance (left hand)
 p - a +4 ring of protection (right hand)
Scrolls
 h - a scroll of identify
 k - a scroll of remove curse
 n - 2 scrolls of fear
Potions
 b - 2 potions of brilliance
 d - a potion of lignification
 e - 3 potions of heal wounds
 f - 2 potions of flight
 i - 4 potions of curing
 j - 4 potions of stabbing
 m - a potion of berserk rage
 s - 3 potions of degeneration {unknown}


   Skills:
 + Level 7.6 Fighting
 + Level 3.7 Short Blades
 + Level 3.7 Long Blades
 + Level 5.9 Axes
 + Level 3.7 Maces & Flails
 + Level 3.7 Polearms
 + Level 3.7 Staves
 + Level 3.7 Slings
 + Level 3.7 Bows
 + Level 3.7 Crossbows
 + Level 3.7 Throwing
 + Level 5.9 Armour
 + Level 4.5 Dodging
 + Level 3.7 Stealth
 + Level 3.7 Shields
 + Level 3.7 Unarmed Combat
 + Level 3.7 Spellcasting
 + Level 3.0 Conjurations
 + Level 3.0 Hexes
 + Level 3.0 Summonings
 + Level 3.0 Necromancy
 + Level 3.0 Translocations
 + Level 3.0 Transmutations
 + Level 3.0 Fire Magic
 + Level 3.0 Ice Magic
 + Level 3.0 Air Magic
 + Level 3.0 Earth Magic
 + Level 3.0 Poison Magic
 + Level 6.2 Invocations
 + Level 3.7 Evocations


You had 14 spell levels left.
You didn't know any spells.
Your spell library contained the following spells:

 Spells                   Type           Power        Failure   Level
 Summon Small Mammal      Summ           ##..         10%         1
 Call Imp                 Summ           ##......     14%         2
 Call Canine Familiar     Summ           ##......     28%         3
 Summon Guardian Golem    Hex/Summ       ##......     28%         3
 Summon Ice Beast         Ice/Summ       ##......     67%         4
 Summon Lightning Spire   Summ/Air       ##......     67%         4


Dungeon Overview and Level Annotations

Branches:
Dungeon (6/15)             Temple (0/1) D:5           Sewer (visited)

Altars:
Cheibriados
Okawaru
Wu Jian
The Shining One

Shops:
D:5 (


Innate Abilities, Weirdness & Mutations

Your experience applies equally to all skills.
You have very sharp teeth.
Your uncanny sense of smell can sniff out nearby items.


Message History

The orc warrior hits you with a +0 flail!
You hit the orc warrior.
The orc warrior is heavily wounded.
The orc warrior hits you but does no damage.
You barely miss the orc warrior.
The orc warrior is heavily wounded.
The orc priest calls down the wrath of Beogh upon you.
Beogh smites you!
The orc warrior hits you with a +0 flail!
* * * LOW HITPOINT WARNING * * *
You hit the orc warrior but do no damage.
The orc warrior is heavily wounded.
The orc warrior hits you with a +0 flail!
* * * LOW HITPOINT WARNING * * *
The orc priest looks satisfied for a moment.
You closely miss the orc warrior.
The orc warrior is heavily wounded.
The orc priest mumbles some strange prayers to Beogh against you.
Beogh smites you!
You die...

#.# #.# ∆
#o# #.# #.#
#.# #.#
#.##########
#.o5oo@...<#
############


You could see an orc warrior, an orc priest, a white imp and an orc.

Vanquished Creatures
  The ghost of snonk1 the Conjurer, an amateur HuCj (D:4)
  A sky beast (D:5)
  4 ogres
  A centaur (D:5)
  3 big kobolds (Sewer)
  A scorpion (D:4)
  A howler monkey (D:5)
  3 orc wizards
  A bullfrog skeleton (D:4)
  3 hounds (D:5)
  2 iguanas
  Natasha (D:2)
  A worker ant (D:4)
  A hound skeleton (D:4)
  4 gnolls (D:4)
  13 adders
  2 ufetubi (D:5)
  An ooze (D:2)
  A worm (D:2)
  A dart slug (D:2)
  3 leopard geckos
  9 orcs
  8 ball pythons
  7 bats
  5 giant cockroaches
  10 goblins
  9 hobgoblins
  5 jackals (D:5)
  3 quokkas
  2 frilled lizards (D:3)
  23 kobolds
  3 leopard gecko skeletons
  15 rats
148 creatures vanquished.

Vanquished Creatures (others)
  2 fungi (Sewer)
  4 plants (Sewer)
  4 starspawn tentacles (Abyss:1)
10 creatures vanquished.

Grand Total: 158 creatures vanquished

Notes
Turn   | Place    | Note
-------+----------+-------------------------------------------
     0 | Abyss:1  | Gargoyl the Gnoll Abyssal Knight began the quest for the
                  | Orb.
     0 | Abyss:1  | Reached XP level 1. HP: 23/23 MP: 3/3
    37 | Abyss:1  | Noticed a bone dragon
    57 | Abyss:1  | Noticed a tentacled starspawn
    58 | Abyss:1  | Noticed a chaos spawn
    85 | Abyss:1  | Noticed a large abomination
    88 | D:1      | Escaped the Abyss
   277 | D:1      | Reached * piety under Lugonu
   439 | D:1      | Reached XP level 2. HP: 23/29 MP: 5/5
  1139 | D:1      | Reached XP level 3. HP: 33/35 MP: 6/6
  1395 | D:2      | Found a snail-covered altar of Cheibriados.
  1450 | D:2      | Reached skill level 1 in Short Blades
  1450 | D:2      | Reached skill level 1 in Long Blades
  1450 | D:2      | Reached skill level 1 in Maces & Flails
  1450 | D:2      | Reached skill level 1 in Polearms
  1450 | D:2      | Reached skill level 1 in Staves
  1450 | D:2      | Reached skill level 1 in Slings
  1450 | D:2      | Reached skill level 1 in Bows
  1450 | D:2      | Reached skill level 1 in Crossbows
  1450 | D:2      | Reached skill level 1 in Throwing
  1450 | D:2      | Reached skill level 1 in Stealth
  1450 | D:2      | Reached skill level 1 in Shields
  1450 | D:2      | Reached skill level 1 in Unarmed Combat
  1450 | D:2      | Reached skill level 1 in Spellcasting
  1450 | D:2      | Reached skill level 1 in Evocations
  1455 | D:2      | Reached XP level 4. HP: 41/41 MP: 7/7
  1511 | D:2      | Reached ** piety under Lugonu
  1522 | D:2      | Noticed Natasha
  1526 | D:2      | Killed Natasha
  1585 | D:2      | Reached skill level 1 in Conjurations
  1585 | D:2      | Reached skill level 1 in Hexes
  1585 | D:2      | Reached skill level 1 in Summonings
  1585 | D:2      | Reached skill level 1 in Necromancy
  1585 | D:2      | Reached skill level 1 in Translocations
  1585 | D:2      | Reached skill level 1 in Transmutations
  1585 | D:2      | Reached skill level 1 in Fire Magic
  1585 | D:2      | Reached skill level 1 in Ice Magic
  1585 | D:2      | Reached skill level 1 in Air Magic
  1585 | D:2      | Reached skill level 1 in Earth Magic
  1585 | D:2      | Reached skill level 1 in Poison Magic
  1852 | D:3      | Reached XP level 5. HP: 33/47 MP: 8/8
  2388 | D:4      | Found a glowing drain.
  2423 | Sewer    | Entered a sewer
  2545 | Sewer    | Noticed a big kobold
  2562 | Sewer    | Killed a big kobold
  2562 | Sewer    | Reached skill level 5 in Invocations
  2562 | Sewer    | Reached XP level 6. HP: 47/53 MP: 9/9
  2731 | Sewer    | Reached *** piety under Lugonu
  2741 | Sewer    | Reached skill level 5 in Axes
  2741 | Sewer    | Reached skill level 5 in Armour
  3016 | D:4      | Reached XP level 7. HP: 39/59 MP: 10/10
  3219 | D:4      | Reached skill level 7 in Fighting
  3630 | D:4      | Found a runed translucent door.
  3631 | D:4      | Noticed snonk1's ghost (amateur HuCj)
  3757 | D:4      | Found an iron altar of Okawaru.
  4211 | D:4      | Killed snonk1's ghost
  4211 | D:4      | Reached XP level 8. HP: 48/67 MP: 12/12
  4322 | D:5      | Entered Level 5 of the Dungeon
  4342 | D:5      | Got an ichor-stained ring mail
  4353 | D:5      | Identified the +4 ring mail of Zilejuor {rF- rC+ MR++} (You
                  | found it on level 5 of the Dungeon)
  4564 | D:5      | Found an ornate altar of the Wu Jian Council.
  4756 | D:5      | Found Fozasch's Antique Weapon Shop.
  4789 | D:5      | Bought a broad axe for 116 gold pieces
  4823 | D:5      | Reached **** piety under Lugonu
  5053 | D:5      | Found a staircase to the Ecumenical Temple.
  5351 | D:5      | Found a glowing golden altar of the Shining One.
  5631 | D:6      | Killed from afar by an orc priest

Illustrated notes

Levels and vault maps discovered:
D:1:      scummos_arrival_gate, layout_basic, nrook_mini_vaults
D:2:      layout_rooms, lemuel_crystal_altar, uniq_natasha
D:3:      layout_rooms
D:4:      layout_rooms, kennysheep_okawaru_gauntlet, gammafunk_ghost_grave,
          gup_sewer_entry_glass, kennysheep_generic_room_14
D:5:      layout_cave_pools, nicolae_tso_swordbearing_angel,
          minmay_temple_entry_grid, basic_altar, serial_shops, shop_fountains
D:6:      layout_basic, minmay_diced_spiral

Skill      XL: |  1  2  3  4  5  6  7  8 |
---------------+-------------------------+-----
Short Blades   | 1 2 3 |  3.7
Long Blades    | 1 2 3 |  3.7
Maces & Flails | 1 2 3 |  3.7
Polearms       | 1 2 3 |  3.7
Staves         | 1 2 3 |  3.7
Slings         | 1 2 3 |  3.7
Bows           | 1 2 3 |  3.7
Crossbows      | 1 2 3 |  3.7
Throwing       | 1 2 3 |  3.7
Stealth        | 1 2 3 |  3.7
Shields        | 1 2 3 |  3.7
Unarmed Combat | 1 2 3 |  3.7
Spellcasting   | 1 2 3 |  3.7
Evocations     | 1 2 3 |  3.7
Conjurations   | 1 2 3 |  3.0
Hexes          | 1 2 3 |  3.0
Summonings     | 1 2 3 |  3.0
Necromancy     | 1 2 3 |  3.0
Translocations | 1 2 3 |  3.0
Transmutations | 1 2 3 |  3.0
Fire Magic     | 1 2 3 |  3.0
Ice Magic      | 1 2 3 |  3.0
Air Magic      | 1 2 3 |  3.0
Earth Magic    | 1 2 3 |  3.0
Poison Magic   | 1 2 3 |  3.0
Dodging        | 3 4 |  4.5
Invocations    | 5 6 |  6.2
Axes           | 5 |  5.9
Armour         | 5 |  5.9
Fighting       | 7 |  7.6

Action                   |  1- 3 |  4- 6 |  7- 9 || total
-------------------------+-------+-------+-------++-------
Melee: Hand axe          |   117 |   221 |   188 ||   526
       Bite              |    10 |    25 |    30 ||    65
       Punch             |     1 |     3 |     1 ||     5
       Broad axe         |       |       |    50 ||    50
Invok: Depart the Abyss  |     1 |       |       ||     1
  Use: Scroll            |     5 |     5 |     6 ||    16
 Stab: Distracted        |       |       |     1 ||     1
Armor: Chain mail        |   108 |   177 |    70 ||   355
       Ring mail         |       |       |    71 ||    71
Dodge: Dodged            |    47 |   133 |   172 ||   352

Table legend: (Time is in decaauts)
 A = Elapsed time spent in this place.
 B = Non-inter-level travel time spent in this place.
 C = Inter-level travel time spent in this place.
 D = Time resting spent in this place.
 E = Time spent auto-exploring this place.
 F = Levels seen in this place.
 G = Mean time per level.
                   A        B        C        D        E       F      G
               +--------+--------+--------+--------+--------+-----+--------+
         Total |   5718 |   5585 |    133 |     59 |   3927 |   8 |  714.8 |
       Dungeon |   5088 |   4955 |    133 |     59 |   3523 |   6 |  848.0 |
         Abyss |     88 |     88 |      0 |      0 |     37 |   1 |   88.0 |
         Sewer |    542 |    542 |      0 |      0 |    367 |   1 |  542.0 |
               +--------+--------+--------+--------+--------+-----+--------+

Top non-repeatable levels by time:
     D:4: 1513 daAuts
     D:5: 1182 daAuts
     D:1: 1109 daAuts
     D:3: 631 daAuts
     D:2: 573 daAuts
   Sewer: 542 daAuts
 Abyss:1: 88 daAuts
     D:6: 78 daAuts
